 Dungeon Crawl Stone Soup version 0.22-a0-439-gac93bac (webtiles) character file.

2193 Leszczynek the Basher (level 9, -1/93 HPs)
             Began as an Ogre Monk on May 29, 2018.
             Slain by a hound (2 damage)
             ... on level 9 of the Dungeon.
             The game lasted 00:29:57 (5193 turns).

Leszczynek the Basher (Ogre Monk)                   Turns: 5193, Time: 00:29:58

Health: -1/93      AC:  5    Str: 18    XL:     9   Next: 33%
Magic:  18/18      EV: 11    Int: 11    God:    Xom [...*..]
Gold:   413        SH:  0    Dex: 13    Spells: 8/8 levels left

rFire    . . .     SeeInvis .   a - +2 giant club
rCold    + + .     Gourm    .   (shield currently unavailable)
rNeg     . . .     Faith    .   r - +2 robe {rC+}
rPois    .         Spirit   .   (helmet restricted)
rElec    .         Reflect  .   (no cloak)
rCorr    .         Harm     .   (gloves unavailable)
MR       .....                  (boots unavailable)
Stlth    ++........             (no amulet)
HPRegen  0.25/turn              j - ring of magical power
MPRegen  0.16/turn              v - ring of protection from cold

@: no status effects
A: large, unfitting armour, tough skin 1
a: Renounce Religion


You were on level 9 of the Dungeon.
You worshipped Xom.
You were a favourite toy of Xom.
You were not hungry.

You visited 2 branches of the dungeon, and saw 10 of its levels.

You collected 413 gold pieces.

Inventory:

Hand Weapons
 a - a +2 giant club (weapon)
 b - a +0 hand crossbow
 q - a +0 blowgun
 z - a +3 flail
Missiles
 i - 39 poisoned needles
 n - 6 tomahawks of returning (quivered)
 p - 8 curare-tipped needles
 x - 6 needles of frenzy
 A - 25 bolts
Armour
 r - a +2 robe of cold resistance (worn)
Jewellery
 j - a ring of magical power (left hand)
 t - an uncursed ring of flight
 v - a ring of protection from cold (right hand)
Wands
 e - a wand of enslavement (11)
 y - a wand of paralysis (6)
Scrolls
 c - 2 scrolls of remove curse {@r2}
 h - 2 scrolls of identify {@r1}
 w - 2 scrolls of blinking
Potions
 g - a potion of brilliance
 o - 2 potions of magic
Comestibles
 d - 8 rations


   Skills:
 - Level 7.4 Fighting
 * Level 10.3 Maces & Flails
 - Level 3.2 Dodging
 - Level 1.4 Stealth


You had 8 spell levels left.
You didn't know any spells.
Your spell library was empty.

Dungeon Overview and Level Annotations

Branches:
Dungeon (9/15)             Temple (1/1) D:5            Lair (0/6) D:9
    Orc (0/2) D:9

Altars:
Ashenzari
Cheibriados
Elyvilon
Gozag
Hepliaklqana
Kikubaaqudgha
Nemelex Xobeh
Ru
Vehumet
Xom
Zin

Annotations:
D:2
D:2 centaur MOTHERFUCKER
D:5 orc f
D:6 eustachio roaming, Eustachio
D:7 bees
D:8 Ijustatesigmund's ghost, novice OgHu
D:9 exclusion: komodo dragon, Erolcha


Innate Abilities, Weirdness & Mutations

You are too large for most types of armour.
You have tough skin. (AC +1)


Message History

Unknown command.
You closely miss the hound.
You feel sick.
You are no longer poisoned.
The hound bites you.
* * * LOW HITPOINT WARNING * * *
Unknown command.
Unknown command.
You hit the hound but do no damage. The hound closely misses you.
The hound bites you.
* * * LOW HITPOINT WARNING * * *
Unknown command.
You miss the hound. The hound bites you.
* * * LOW HITPOINT WARNING * * *
Unknown command.
You hit the hound.
The hound is moderately wounded.
The hound bites you.
* * * LOW HITPOINT WARNING * * *
The hound bites you.
You die...

...............
.%.............
..###.#
...............
......#
..≈;F..........
......
..≈≈≈........#
.....
..≈≈≈.......# ...#
.......!...# ..#
..........## ##h#
...........## ##@#
.......$....###.##
.............#†##
..............##
.............##
............##
.#........?##
##.......##
##.....##


You could see a hound.

Vanquished Creatures
  Maurice (D:9)
  Grinder (D:3)
  A hippogriff (D:8)
  2 black bears
  2 ogres
  A centaur (D:7)
  A big kobold (D:8)
  2 bullfrogs (D:6)
  A wyvern zombie (D:6)
  A wyvern skeleton (D:9)
  4 howler monkeys
  A bullfrog zombie (D:6)
  2 jellies
  3 hounds
  3 orc priests
  Natasha (D:3)
  2 iguanas
  3 orc wizards
  2 worker ants
  A killer bee zombie (D:7)
  2 hound zombies (D:5)
  3 worker ant zombies
  4 adders
  7 gnolls
  A shadow imp (D:8)
  3 oozes
  2 worms
  A dart slug (D:1)
  5 leopard geckos
  15 orcs
  4 giant cockroaches
  5 goblins
  4 hobgoblins (D:1)
  5 quokkas
  2 bats (D:2)
  2 frilled lizards
  7 kobolds
  A leopard gecko skeleton (D:4)
  A quokka skeleton (D:5)
  4 rats
113 creatures vanquished.

Vanquished Creatures (others)
  An ice beast (D:5)
  2 orcs (D:5)
  A plant (D:9)
4 creatures vanquished.

Grand Total: 117 creatures vanquished

Notes
Turn   | Place    | Note
-------+----------+-------------------------------------------
     0 | D:1      | Leszczynek the Ogre Monk began the quest for the Orb.
     0 | D:1      | Reached XP level 1. HP: 24/24 MP: 1/1
    30 | D:1      | Reached skill level 3 in Maces & Flails
    51 | D:1      | Reached XP level 2. HP: 32/32 MP: 2/2
   251 | D:2      | Found a shimmering altar of Xom.
   252 | D:2      | Found a shimmering altar of Xom.
   253 | D:2      | Found a shimmering altar of Xom.
   262 | D:2      | Found a shimmering altar of Xom.
   338 | D:3      | Noticed Natasha
   356 | D:3      | Killed Natasha
   356 | D:3      | Reached skill level 4 in Maces & Flails
   356 | D:3      | Reached XP level 3. HP: 28/39 MP: 3/3
   449 | D:2      | Became a worshipper of Xom of Chaos
   576 | D:3      | XOM: harmless Erth miscast
   597 | D:3      | HP: 4/39 [adder (5)]
   600 | D:3      | Reached XP level 4. HP: 13/48 MP: 4/4
   759 | D:2      | Noticed a centaur
   855 | D:3      | Noticed Grinder
   863 | D:3      | Paralysed by Grinder for 3 turns
   867 | D:3      | XOM: cast spell 'Leda's Liquefaction'
   871 | D:3      | XOM: confusion
   873 | D:3      | Paralysed by Grinder for 4 turns
   876 | D:3      | XOM: divine lightning
   878 | D:3      | Killed Grinder
   926 | D:3      | Found a hazy altar of Hepliaklqana.
  1059 | D:4      | Reached skill level 5 in Maces & Flails
  1063 | D:4      | Found a shattered altar of Ashenzari.
  1174 | D:4      | XOM: enchant monster (bad)
  1178 | D:4      | XOM: confusion
  1186 | D:4      | XOM: blink monster(s)
  1298 | D:3      | HP: 8/48 [gnoll/club (6)]
  1307 | D:3      | XOM: mild Summ miscast
  1308 | D:3      | Noticed a spatial vortex
  1428 | D:3      | Reached XP level 5. HP: 30/54 MP: 5/5
  1646 | D:4      | Found a white marble altar of Elyvilon.
  1647 | D:4      | Found a sparkling altar of Nemelex Xobeh.
  1647 | D:4      | Found a sacrificial altar of Ru.
  1647 | D:4      | Found a glowing silver altar of Zin.
  1652 | D:4      | Noticed an ogre
  1654 | D:4      | XOM: chaos upgrade
  1656 | D:4      | XOM: swap monsters
  1657 | D:4      | XOM: enchant monster (bad)
  1681 | D:4      | XOM: blink monster(s)
  1683 | D:4      | XOM: harmless Pois miscast
  1684 | D:4      | XOM: potion effect (might)
  1859 | D:4      | XOM: divination: detect creatures
  1893 | D:5      | Entered Level 5 of the Dungeon
  2067 | D:5      | Found a staircase to the Ecumenical Temple.
  2089 | D:5      | Reached XP level 6. HP: 36/62 MP: 6/6
  2175 | D:5      | Noticed an ice beast
  2344 | D:5      | Reached skill level 5 in Fighting
  2344 | D:5      | Reached skill level 6 in Maces & Flails
  2509 | D:5      | HP: 11/66 [something/magic dart (4)]
  2532 | D:5      | HP: 7/66 [orc/hand axe (8)]
  2550 | Temple   | Entered the Ecumenical Temple
  2767 | Temple   | XOM: harmless Pois miscast
  2777 | Temple   | XOM: silly message
  2830 | D:5      | XOM: destruction
  2830 | D:5      | Killed an ice beast
  2833 | D:5      | ...
  2874 | D:5      | XOM: cast spell 'Discord'
  2985 | D:5      | Reached XP level 7. HP: 45/72 MP: 7/7
  3126 | D:5      | XOM: confuse monster(s)
  3227 | D:6      | Reached skill level 6 in Fighting
  3277 | D:6      | Noticed Eustachio
  3532 | D:6      | Reached skill level 7 in Maces & Flails
  3536 | D:6      | Reached skill level 7 in Fighting
  3617 | D:6      | Reached XP level 8. HP: 31/87 MP: 8/8
  3618 | D:6      | 10 ev man
  3704 | D:6      | XOM: harmless Ice miscast
  3896 | D:7      | Reached skill level 3 in Dodging
  4060 | D:7      | bees and no ligni
  4060 | D:7      | y i k e s
  4113 | D:8      | Reached skill level 8 in Maces & Flails
  4149 | D:8      | Noticed Ijustatesigmund's ghost (novice OgHu)
  4181 | D:8      | XOM: enchant monster (good)
  4193 | D:8      | great
  4211 | D:8      | Noticed a hippogriff
  4347 | D:8      | Killed a hippogriff
  4352 | D:8      | Reached skill level 9 in Maces & Flails
  4588 | D:8      | Reached XP level 9. HP: 60/93 MP: 9/9
  4650 | D:8      | HP: 17/93 [worker ant (6)]
  4655 | D:8      | HP: 18/93 [poisoned by a worker ant]
  4658 | D:8      | HP: 8/93 [worker ant (5)]
  4660 | D:8      | HP: 2/93 [worker ant (5)]
  4673 | D:8      | HP: 13/93 [shadow imp (2)]
  4700 | D:7      | HP: 9/93 [centaur/arrow (12)]
  4847 | D:8      | XOM: god gift: 61 gold pieces {god gift}
  5058 | D:8      | Found an ancient bone altar of Kikubaaqudgha.
  5074 | D:9      | Found a staircase to the Orcish Mines.
  5083 | D:9      | Found a staircase to the Lair.
  5084 | D:9      | Noticed a komodo dragon
  5134 | D:9      | Noticed Maurice
  5152 | D:9      | Noticed Erolcha
  5158 | D:9      | XOM: smoke on damage
  5184 | D:9      | Killed Maurice
  5184 | D:9      | Reached skill level 10 in Maces & Flails
  5189 | D:9      | HP: 15/93 [hound (4)]
  5190 | D:9      | HP: 6/93 [hound (6)]
  5192 | D:9      | HP: 2/93 [hound (3)]
  5193 | D:9      | Slain by a hound

Vault maps used:
D:1:      lemuel_arrival_hallway, minmay_tetromino_l4
D:2:      xom_redecorated
D:3:      marbit_many_paths, uniq_natasha, uniq_grinder, uniq_jessica
D:4:      kennysheep_mini_moat, minmay_overflow_temple_hex, first_ration,
          uniq_pikel
D:5:      temple_pool_b, uniq_ijyb
D:6:      minmay_misc_feat_plants, uniq_menkaure, uniq_eustachio
D:7:      lemuel_doored_altar, gammafunk_temple_overflow_statue, serial_shops,
          nicolae_shop_trees, shop
D:8:      overflow_temple_1_default, hangedman_pestilent_swarm
D:9:      nicolae_overflow_crystal_walls, david_lair_shrubbed, basic_altar,
          uniq_maurice, uniq_erolcha
Temple:   jpeg_temple_island

Skill      XL: |  1  2  3  4  5  6  7  8  9 |
---------------+----------------------------+-----
Maces & Flails | 3 4 5 6 7 9 10 | 10.3
Fighting       | 5 7 |  7.4
Dodging        | 3 |  3.2
Stealth        | |  1.4

Action                   |  1- 3 |  4- 6 |  7- 9 || total
-------------------------+-------+-------+-------++-------
Melee: Mace              |    70 |   162 |       ||   232
       Flail             |       |    30 |    98 ||   128
       Giant club        |       |    10 |    99 ||   109
 Fire: Hand crossbow     |       |       |     4 ||     4
Throw: Tomahawk          |       |     5 |     5 ||    10
Evoke: Wand              |       |       |     5 ||     5
  Use: Potion            |     4 |     3 |     3 ||    10
       Scroll            |       |     5 |    15 ||    20
 Stab: Sleeping          |     2 |     6 |     5 ||    13
       Distracted        |     1 |       |       ||     1
       Paralysed         |       |       |     7 ||     7
  Eat: Chunk             |       |     5 |     5 ||    10
       Ration            |       |     2 |     1 ||     3
Armor: Robe              |    19 |    47 |    41 ||   107
Dodge: Dodged            |    44 |    79 |   104 ||   227

Table legend:
 A = Spawn XP
 B = Non-spawn XP
 C = Spawn XP percentage of total XP
 D = Spawn monster count
 E = Non-spawn monster count
 F = Spawn count percentage of total count
 G = Total turns spent on level
                    A         B        C        D         E        F      G
               +---------+---------+-------+---------+---------+-------+---------
         Total |       0 |    3133 |   0.0 |       0 |     113 |   0.0 |  5193
               +---------+---------+-------+---------+---------+-------+---------
           D:1 |       0 |      21 |   0.0 |       0 |      10 |   0.0 |   208
           D:2 |       0 |      13 |   0.0 |       0 |       6 |   0.0 |   438
           D:3 |       0 |     127 |   0.0 |       0 |      14 |   0.0 |   621
           D:4 |       0 |      92 |   0.0 |       0 |      11 |   0.0 |   626
           D:5 |       0 |     460 |   0.0 |       0 |      20 |   0.0 |   924
           D:6 |       0 |     635 |   0.0 |       0 |      18 |   0.0 |   634
           D:7 |       0 |     335 |   0.0 |       0 |      10 |   0.0 |   393
           D:8 |       0 |     862 |   0.0 |       0 |      20 |   0.0 |   896
           D:9 |       0 |     588 |   0.0 |       0 |       4 |   0.0 |   119
               +---------+---------+-------+---------+---------+-------+---------
